 Dungeon Crawl Stone Soup version 0.28.0-1-gb440e238dd (webtiles) character file.

Game seed: 9075342535203607007

9741 chmiii the Basher (level 11, -9/111 HPs)
             Began as a Troll Hunter on Feb 22, 2022.
             Was a Priest of Dithmenos.
             Killed from afar by a bog body (25 damage)
             ... with a bolt of cold
             ... on level 1 of the Lair of Beasts.
             The game lasted 00:48:01 (8251 turns).

chmiii the Basher (Troll Hunter)                    Turns: 8251, Time: 00:48:02

Health: -9/111     AC:  8    Str: 22    XL:     11   Next: 27%
Magic:  10/10      EV: 19    Int:  7    God:    Dithmenos [***...]
Gold:   601        SH:  0    Dex: 14    Spells: 10/10 levels left

rFire   . . .      SeeInvis .   a - +4 morningstar (freeze)
rCold   . . .      Faith    .   (no shield)
rNeg    . . .      Spirit   .   C - +0 troll leather armour
rPois   .          Reflect  .   (helmet restricted)
rElec   .          Harm     .   q - +1 cloak
rCorr   .          Rampage  .   (gloves unavailable)
Will    .....                   (boots unavailable)
Stlth   ++........              l - amulet of regeneration
HPRegen 2.68/turn               u - +4 ring of evasion
MPRegen 0.12/turn               s - +4 ring of evasion

@: hasted and slowed, wreathed by umbra
A: large, unfitting armour, claws 3, regeneration 1, shaggy fur 1, tough skin 1
a: Renounce Religion, Shadow Step


You were on level 1 of the Lair of Beasts.
You worshipped Dithmenos.
Dithmenos was most pleased with you.
You visited 3 branches of the dungeon, and saw 12 of its levels.

You collected 601 gold pieces.

Inventory:

Hand Weapons
 a - a +4 morningstar of freezing (weapon)
 b - a +0 hunting sling
 w - a +1 whip of draining
Missiles
 c - 5 large rocks (quivered)
 d - 4 throwing nets
 t - 6 poisoned darts
 y - 4 silver boomerangs
 z - 120 sling bullets
 E - 5 javelins
Armour
 q - a +1 cloak (worn)
 C - a +0 troll leather armour (worn)
Jewellery
 k - a ring of see invisible
 l - an amulet of regeneration (around neck)
 s - a +4 ring of evasion (right claw)
 u - a +4 ring of evasion (left claw)
 x - a ring of poison resistance
Wands
 j - a wand of polymorph (6)
 n - a wand of paralysis (14)
 F - a wand of iceblast (4)
 G - a wand of acid (7)
Scrolls
 e - 2 scrolls of magic mapping
 g - 8 scrolls of teleportation
 p - 2 scrolls of fear
 H - a scroll of blinking {unknown}
 I - a scroll of enchant armour
Potions
 f - a potion of haste
 o - 2 potions of lignification
 r - 3 potions of flight
 v - 2 potions of heal wounds
 D - 3 potions of degeneration {unknown}
 J - a potion of brilliance {unknown}
Miscellaneous
 K - a phial of floods


   Skills:
 + Level 8.1 Fighting
 * Level 12.1 Maces & Flails
 - Level 3.6 Throwing
 + Level 4.4 Dodging
 - Level 0.3 Stealth
 + Level 3.6 Evocations


You had 10 spell levels left.
You didn't know any spells.
Your spell library contained the following spells:

 Spells                   Type           Power      Damage    Failure   Level
 Beastly Appendage        Tmut           0%         N/A       47%         1
 Shock                    Conj/Air       0%         1d3       47%         1
 Blink                    Tloc           0%         N/A       63%         2
 Wereblood                Tmut           0%         N/A       63%         2
 Confusing Touch          Hex            0%         N/A       85%         3
 Conjure Flame            Conj/Fire      0%         6-21      85%         3
 Ignite Poison            Fire/Tmut/Pois 0%         N/A       85%         3
 Spider Form              Tmut/Pois      0%         N/A       85%         3
 Swiftness                Air            0%         N/A       85%         3
 Tukima's Dance           Hex            0%         N/A       85%         3
 Airstrike                Air            0%         N/A       99%         4
 Anguish                  Hex/Necr       0%         N/A       99%         4
 Sticky Flame             Conj/Fire      0%         2d3       99%         4
 Manifold Assault         Tloc           0%         N/A       100%        5
 Yara's Violent Unravell  Hex/Tmut       0%         3d3       100%        5
 Enfeeble                 Hex            0%         N/A       100%        7
 Storm Form               Tmut/Air       0%         N/A       100%        7


Dungeon Overview and Level Annotations

Branches:
Dungeon (10/15)            Temple (1/1) D:6            Lair (1/6) D:8
    Orc (0/2) D:10

Altars:
Ashenzari
Cheibriados
Dithmenos
Elyvilon
Fedhas
Gozag
Hepliaklqana
Kikubaaqudgha
Makhleb
Nemelex Xobeh
Okawaru
Qazlal
Ru
Sif Muna
Trog
Uskayaw
Vehumet
Wu Jian
Xom
Yredelemnul
Zin
The Shining One
Lugonu

Shops:
D:4 (


Innate Abilities, Weirdness & Mutations

You are too large for most types of armour.
You have claws for hands.
Your natural rate of healing is unusually fast.
You are covered in fur. (AC +1)
You have tough skin. (AC +1)


Message History

The polar bear closely misses you. The polar bear misses you.
The polar bear bites you but does no damage.
The polar bear barely misses you. The polar bear misses you.
There is a stone staircase leading down here.
The polar bear closely misses you. The polar bear misses you. x2
The polar bear closely misses you. The polar bear completely misses you.
The polar bear closely misses you. The polar bear misses you.
The polar bear barely misses you. The polar bear claws you.
The polar bear closely misses you. The polar bear misses you.
The polar bear claws you but does no damage.
Things that are here:
2 boomerangs; +0 steam dragon scales; a +1 whip of draining
w - a +1 whip of draining The polar bear barely misses you.
The polar bear claws you but does no damage.
The polar bear closely misses you. The bog body touches you.
The bog body freezes you!! The bog body touches you. The bog body freezes you!!
The polar bear bites you!
* * * LOW HITPOINT WARNING * * *
The polar bear misses you.
The polar bear claws you but does no damage.
As you read the scroll of fear, it crumbles to dust.
You assume a fearsome visage.
The ice devil looks frightened!
The bog body is unaffected.
The polar bear looks frightened!
The bog body misses you.
You feel yourself speed up. The bog body casts a spell at you.
You feel as though you will be slow longer.
The bog body touches you!
* * * LOW HITPOINT WARNING * * *
The bog body freezes you!
* * * LOW HITPOINT WARNING * * *
Things that are here:
an amulet of the acrobat; a +6 ring of strength
Things that are here:
a potion of mutation; a yak corpse The bog body points at you and mumbles some strange words.
The bolt of cold hits you!!
You die...

....................
.#...................
≈.....................
#........>............
#...................
#.....<.............
##...n"(............
#...###............
#.@## ###..........
#..## #..........
≈≈##...######........#
≈≈≈≈......[# #.........
.≈≈≈.......###.#.......
.≈≈≈≈........>..........
...≈≈≈..##..............
...≈≈≈..####............
..≈≈≈≈... ##...........


You could see a bog body.

Vanquished Creatures
  A hydra (D:8)
  A boulder beetle (D:10)
  A cane toad (D:8)
  A rime drake (Lair:1)
  Maggie (D:7)
  An unseen horror (D:10)
  A meliai (D:10)
  2 trolls
  A polar bear (D:8)
  A vampire (D:10)
  3 wyverns
  15 yaks
  A steam dragon (D:8)
  An acid dragon (D:10)
  2 water moccasins
  3 orc warriors
  An ice beast (D:5)
  2 black bears (D:5)
  2 sky beasts (D:6)
  A necrophage (D:7)
  2 centaurs
  A kobold brigand (D:9)
  Blork the orc (D:4)
  A bullfrog (D:8)
  2 gnoll sergeants
  2 scorpions
  2 water moccasin zombies
  A wyvern skeleton (D:7)
  4 killer bees (D:8)
  13 wights
  5 howler monkeys
  A centaur zombie (D:9)
  9 hounds
  A jelly (D:5)
  4 orc priests
  3 gnoll shamans
  A bullfrog skeleton (D:6)
  A centaur skeleton (D:7)
  An iguana (D:7)
  An orc wizard (D:10)
  A wolf simulacrum (Lair:1)
  A hound skeleton (D:5)
  15 gnolls
  6 adders
  A naga simulacrum (Lair:1)
  3 shadow imps
  A white imp (D:5)
  A howler monkey simulacrum (D:10)
  An adder zombie (D:5)
  5 dart slugs
  12 orcs
  7 ball pythons
  5 bats
  5 endoplasms
  4 giant cockroaches
  8 goblins
  9 hobgoblins
  7 jackals (D:4)
  4 quokkas
  2 frilled lizards (D:1)
  13 kobolds
  5 rats
  A spectral orc (D:4)
215 creatures vanquished.

Notes
Turn   | Place    | Note
-------+----------+-------------------------------------------
     0 | D:1      | chmiii the Troll Hunter began the quest for the Orb.
     0 | D:1      | Reached XP level 1. HP: 19/19 MP: 0/0
    94 | D:1      | Reached skill level 1 in Maces & Flails
   251 | D:1      | Reached XP level 2. HP: 28/28 MP: 1/1
   461 | D:1      | Reached XP level 3. HP: 35/35 MP: 2/2
   464 | D:1      | Reached skill level 2 in Maces & Flails
   915 | D:2      | Identified the +1 leather armour "Vuesel" {rC++}
   917 | D:2      | Found an opulent altar of Gozag.
  1312 | D:3      | Reached XP level 4. HP: 35/44 MP: 3/3
  1513 | D:3      | Found an ornate altar of the Wu Jian Council.
  1584 | D:3      | Found a shadowy altar of Dithmenos.
  1598 | D:3      | Became a worshipper of Dithmenos the Shadowed
  1634 | D:3      | Found a burning altar of Makhleb.
  1651 | D:3      | Reached skill level 3 in Maces & Flails
  1866 | D:4      | Noticed Blork the orc
  1974 | D:4      | Found Runlaah's Weapon Shop.
  2129 | D:4      | Reached XP level 5. HP: 28/50 MP: 4/4
  2256 | D:4      | Killed Blork the orc
  2257 | D:4      | Reached skill level 4 in Maces & Flails
  2436 | D:4      | Found a basalt altar of Yredelemnul.
  2499 | D:5      | Entered Level 5 of the Dungeon
  2511 | D:5      | Found the +8 woodcutter's axe {vorpal}
  2518 | D:5      | Noticed a black bear
  2518 | D:5      | Noticed an orc warrior
  2518 | D:5      | Noticed an ice beast
  2536 | D:5      | Reached XP level 6. HP: 61/61 MP: 5/5
  2570 | D:4      | Reached * piety under Dithmenos
  2580 | D:4      | Reached skill level 5 in Maces & Flails
  2705 | D:5      | Reached XP level 7. HP: 67/68 MP: 6/6
  2970 | D:5      | Reached skill level 6 in Maces & Flails
  3058 | D:5      | You fall into a shaft and drop 3 floors!
  3465 | D:5      | Reached XP level 8. HP: 41/79 MP: 7/7
  3513 | D:5      | Reached skill level 7 in Maces & Flails
  3620 | D:5      | Reached skill level 5 in Fighting
  3771 | D:5      | Found an ancient bone altar of Kikubaaqudgha.
  3927 | D:6      | Reached skill level 8 in Maces & Flails
  4024 | D:6      | Reached ** piety under Dithmenos
  4143 | D:6      | Found a staircase to the Ecumenical Temple.
  4551 | D:7      | Reached XP level 9. HP: 81/82 MP: 8/8
  4694 | D:7      | Noticed Maggie
  4706 | D:7      | Killed Maggie
  4707 | D:7      | Reached skill level 9 in Maces & Flails
  4795 | D:7      | Found a hazy altar of Hepliaklqana.
  5134 | D:7      | Found a radiant altar of Vehumet.
  5136 | D:7      | Found an iron altar of Okawaru.
  5136 | D:7      | Found a hide-covered altar of Uskayaw.
  5137 | D:7      | Found a white marble altar of Elyvilon.
  5141 | D:7      | Found a shimmering blue altar of Sif Muna.
  5192 | Temple   | Entered the Ecumenical Temple
  5364 | D:8      | Found a staircase to the Lair.
  6072 | D:8      | Reached skill level 10 in Maces & Flails
  6294 | D:9      | Noticed a troll
  6311 | D:9      | Killed a troll
  6432 | D:9      | Reached skill level 1 in Evocations
  6463 | D:9      | Reached XP level 10. HP: 96/102 MP: 9/9
  6737 | D:10     | Entered Level 10 of the Dungeon
  6737 | D:10     | Found a snail-covered altar of Cheibriados.
  6940 | D:10     | Reached *** piety under Dithmenos
  6979 | D:10     | Noticed a tengu warrior
  6982 | D:10     | Noticed a boulder beetle
  7189 | D:10     | Found a staircase to the Orcish Mines.
  7221 | D:10     | Reached skill level 11 in Maces & Flails
  7324 | D:10     | Found a bloodstained altar of Trog.
  7571 | D:10     | Killed a boulder beetle
  7878 | D:10     | Found a shimmering altar of Xom.
  8036 | Lair:1   | Entered Level 1 of the Lair of Beasts
  8058 | Lair:1   | Reached XP level 11. HP: 111/111 MP: 10/10
  8105 | Lair:1   | Noticed a seven-headed hydra
  8116 | D:8      | Killed a seven-headed hydra
  8117 | D:8      | Reached skill level 12 in Maces & Flails
  8227 | Lair:1   | Noticed a bog body
  8247 | Lair:1   | HP: 5/111 [bog body (13)]
  8251 | Lair:1   | Killed from afar by a bog body

Illustrated notes

Levels and vault maps discovered:
D:1:      heliophobic_arrival_glass_houses, layout_loops_cross,
          hangedman_decor_points, chequers_serial_rivers_micro_c
D:2:      layout_basic, basic_altar, minmay_fractal_squares_gapless_5
D:3:      layout_basic, grunt_dithmenos_smoke, bloody_makhleb,
          lemuel_crystal_altar
D:4:      layout_rooms, yredelemnul_forgotten_temple_becter, serial_shops, shop,
          uniq_blork_the_orc
D:5:      layout_basic, minmay_ruined_shrine
D:6:      layout_rooms, minmay_temple_entry_offerings
D:7:      layout_basic, mainiacjoe_overflow_alcove_1, minitemple,
          enter_bailey_5, st_stairs_1, uniq_maggie
D:8:      layout_loops_corners, lair_entry_dummy, uniq_grum
D:9:      layout_long_grid
D:10:     layout_long_grid, cheibriados_altar_1, trog_book, tgw_xom,
          orc_0_dummy, minmay_fractal_squares_gapless_7
Temple:   corrupted_temple
Lair:1:   dreamdust_isle_of_ice, layout_layer_cave, lemuel_old_faithful

Skill      XL: |  1  2  3  4  5  6  7  8  9 10 11 |
---------------+----------------------------------+-----
Maces & Flails | 1 2 3 4 5 6 8 10 11 12 | 12.1
Fighting       | 2 3 4 5 7 8 |  8.1
Dodging        | 2 4 |  4.4
Evocations     | 1 3 |  3.6
Throwing       | |  3.6
Stealth        | |  0.3

Action                   |  1- 3 |  4- 6 |  7- 9 | 10-12 || total
-------------------------+-------+-------+-------+-------++-------
Melee: Unarmed           |    94 |   202 |   189 |       ||   485
       Punch             |       |     2 |    10 |     2 ||    14
       Whip              |       |       |   185 |       ||   185
       Morningstar       |       |       |   131 |   203 ||   334
 Fire: Hunting sling     |       |       |    18 |     5 ||    23
Throw: Large rock        |       |     4 |     4 |     9 ||    17
       Dart              |       |       |       |     3 ||     3
  Use: Scroll            |       |     7 |       |     6 ||    13
       Potion            |       |       |       |     1 ||     1
 Stab: Sleeping          |     1 |     2 |     2 |       ||     5
Armor: Robe              |    30 |   116 |    85 |       ||   231
       Steam dragon scal |       |       |    33 |       ||    33
       Troll leather arm |       |       |     1 |    43 ||    44
Dodge: Dodged            |    39 |   189 |   458 |   238 ||   924
